 Dungeon Crawl Stone Soup version 0.32-a0-999-gfa1cc04b1d (webtiles) character file.

Game seed: 15042876936515532575

123 shadizar the Magician (level 5, -5/35 HPs)
             Began as a Djinni Conjurer on Apr 24, 2024.
             Slain by a scorpion (7 damage)
             ... on level 4 of the Dungeon.
             The game lasted 00:01:15 (2141 turns).

shadizar the Magician (Djinni Conjurer)             Turns: 2141, Time: 00:01:16

Health: -5/35      AC:  2    Str:  6    XL:     5   Next: 28%
Gold:   239        EV: 11    Int: 21    God:
                   SH:  0    Dex: 12

rFire   + + .        (no weapon)
rCold   x . .        (no shield)
rNeg    . . .        a - +0 robe
rPois   ∞            (no helmet)
rElec   .            (no cloak)
rCorr   .            (no gloves)
SInv    .            (boots unavailable)
Will    .....        (no amulet)
Stlth   ++           (no ring)
HPRegen 0.25/turn    (no ring)

%: infuse magic (-6 HP)
@: flying
A: sickness immunity, fire resistance 2, cold vulnerability 1, float, innate
caster, HP casting, extra vitality 1
a: no special abilities


You were on level 4 of the Dungeon.
You visited 1 branch of the dungeon, and saw 4 of its levels.

You collected 239 gold pieces.

Inventory:

Armour
 a - a +0 robe (worn)
 e - a +0 cloak
 h - a +0 helmet
Jewellery
 l - a +6 ring of intelligence
Scrolls
 b - a scroll of enchant armour {unknown}
 c - a scroll of immolation {unknown}
 d - 2 scrolls of teleportation {unknown}
 f - 2 scrolls of amnesia {unknown}
 j - 2 scrolls of blinking {unknown}
 n - 4 scrolls of identify {unknown}
 p - a scroll of fog {unknown}
 q - 3 scrolls of poison {unknown}
 r - a scroll of revelation {unknown}
Potions
 g - 2 potions of ambrosia {unknown}
 i - a potion of heal wounds {unknown}
 k - 2 potions of curing {unknown}
 m - a potion of might {unknown}
 o - a potion of magic {unknown}


   Skills:
 - Level 3.2 Dodging
 - Level 2.5 Stealth
 + Level 4.5 Spellcasting
 + Level 4.5 Conjurations
 + Level 4.5 Hexes
 + Level 4.5 Summonings
 + Level 4.5 Necromancy
 + Level 4.5 Translocations
 + Level 4.5 Fire Magic
 + Level 4.5 Ice Magic
 + Level 4.5 Air Magic
 + Level 4.5 Earth Magic
 + Level 4.5 Alchemy


You knew the following spells:

 Your Spells              Type           Power      Damage    Failure   Level
a - Magic Dart            Conj           92%        1d7       1%          1
b - Searing Ray           Conj           46%        2d6       2%          2
c - Fulminant Prism       Conj/Alch      11%        3d9       19%         4
d - Iskenderun's Mystic Conj/Tloc 23%            2d6        (+2d3     19%         4
e - Shock                 Conj/Air       92%        1d8       1%          1
f - Static Discharge      Conj/Air       46%        3-5/arc   2%          2
Your spell library was empty.

Dungeon Overview and Level Annotations

Branches:
Dungeon (4/15)
 Temple: D:4-7

Altars:


Innate Abilities, Weirdness & Mutations

You are immune to sickness and miasma.
You are immune to poison.
Your flesh is very heat resistant. (rF++)
You are vulnerable to cold. (rC-)
You float through the air rather than walking.
You learn spells naturally, not from books.
Your magical power is your life essence.
You have superior vitality. (+4 MHP)


Message History

Unknown command.
Unknown command.
Casting: Magic Dart (safe; 1% risk of failure)
Confirm with . or Enter, or press ? or * to list all spells.
Aiming: Magic Dart (safe; 1% risk of failure)
Press: ? - help, Shift-Dir - straight line, f/p - scorpion
Aim: a scorpion (severely wounded, 100% to hit)
The magic dart hits the scorpion but does no damage.
The scorpion is severely wounded.
The scorpion stings you.
* * * LOW HITPOINT WARNING * * *
Unknown command.
Unknown command.
Unknown command.
Unknown command.
Casting: Magic Dart (safe; 1% risk of failure)
Confirm with . or Enter, or press ? or * to list all spells.
Aiming: Magic Dart (safe; 1% risk of failure)
Press: ? - help, Shift-Dir - straight line, f/p - scorpion
Aim: a scorpion (severely wounded, 100% to hit)
The magic dart hits the scorpion but does no damage.
The scorpion is severely wounded.
* * * LOW HITPOINT WARNING * * *
The scorpion stings you.
* * * LOW HITPOINT WARNING * * *
Unknown command.
Unknown command.
Unknown command.
Unknown command.
Unknown command.
Casting: Magic Dart (safe; 1% risk of failure)
Confirm with . or Enter, or press ? or * to list all spells.
Aiming: Magic Dart (safe; 1% risk of failure)
Press: ? - help, Shift-Dir - straight line, f/p - scorpion
Aim: a scorpion (severely wounded, 100% to hit)
The magic dart hits the scorpion but does no damage.
The scorpion is severely wounded.
* * * LOW HITPOINT WARNING * * *
The scorpion stings you!
You die...

.##..######## #.######.....
####.## ##### #..#.####....
####..###...###.##....#....
.#..............#.........
........####).#...........
.........##..### #....#
.........##...####w.#
..##.....##...#.#..##
#.#......>#.....@s.#
..#......###....#.##
................###
.........##....##
................
.........(..##..#
....##...........
....##......#.....
.#...#......#


You could see a scorpion and a dart slug.

Vanquished Creatures
  A hound (D:4)
  4 adders
  4 dart slugs
  2 ribbon worms
  An orc (D:3)
  A ball python (D:4)
  6 endoplasms
  A giant cockroach (D:2)
  4 goblins
  2 hobgoblins
  2 jackals (D:2)
  A quokka (D:1)
  A bat (D:1)
  A frilled lizard (D:3)
  8 kobolds
  3 rats
42 creatures vanquished.

Notes
Turn   | Place    | Note
-------+----------+-------------------------------------------
     0 | D:1      | shadizar the Djinni Conjurer began the quest for the Orb.
     0 | D:1      | shadizar set off with the following spells memorised: Magic
                  | Dart, Searing Ray, Fulminant Prism, Iskenderun's Mystic
                  | Blast.
     0 | D:1      | Reached XP level 1. HP: 15/15 MP: 0/0
   158 | D:1      | Found a faded altar of an unknown god.
   224 | D:1      | Reached XP level 2. HP: 18/21 MP: 0/0
   878 | D:2      | Reached XP level 3. HP: 21/25 MP: 0/0
   878 | D:2      | Learned a level 1 spell: Shock
  1171 | D:2      | Reached XP level 4. HP: 28/31 MP: 0/0
  2079 | D:4      | Reached XP level 5. HP: 27/35 MP: 0/0
  2079 | D:4      | Learned a level 2 spell: Static Discharge
  2141 | D:4      | Slain by a scorpion

Illustrated notes

Levels and vault maps discovered:
D:1:      lemuel_arrival_behind_the_door_small, layout_loops_ring,
          dreamdust_ecumenical_altar_grove, serial_forest,
          infiniplex_forest_end_1, infiniplex_forest_zigzag_1,
          infiniplex_forest_corner_1, infiniplex_forest_clump_double,
          infiniplex_forest_lined_4_way, infiniplex_forest_lined_room_2,
          infiniplex_forest_clump_tiny, minmay_pentomino_u2
D:2:      layout_basic, chequers_garden, guppyfry_early_lair_pool
D:3:      layout_rooms, kennysheep_boxes
D:4:      layout_cave_pools, minmay_temple_entry_butterflies, uniq_natasha

Skill      XL: |  1  2  3  4 |
---------------+-------------+-----
Stealth        | 2 |  2.5
Dodging        | 3 |  3.2
Spellcasting   | 4 |  4.5
Conjurations   | 4 |  4.5
Hexes          | 4 |  4.5
Summonings     | 4 |  4.5
Necromancy     | 4 |  4.5
Translocations | 4 |  4.5
Fire Magic     | 4 |  4.5
Ice Magic      | 4 |  4.5
Air Magic      | 4 |  4.5
Earth Magic    | 4 |  4.5
Alchemy        | 4 |  4.5

Action                     |  1- 3 |  4- 6 || total
---------------------------+-------+-------++-------
   Cast: Magic Dart        |    67 |    65 ||   132
 Armour: Robe              |     6 |    14 ||    20
  Dodge: Dodged            |     6 |    10 ||    16

Table legend: (Time is in decaauts)
 A = Elapsed time spent in this place.
 B = Non-inter-level travel time spent in this place.
 C = Inter-level travel time spent in this place.
 D = Time resting spent in this place.
 E = Time spent auto-exploring this place.
 F = Levels seen in this place.
 G = Mean time per level.
                   A        B        C        D        E       F      G
               +--------+--------+--------+--------+--------+-----+--------+
         Total |   2140 |   2007 |    133 |      0 |   1774 |   4 |  535.0 |
       Dungeon |   2140 |   2007 |    133 |      0 |   1774 |   4 |  535.0 |
               +--------+--------+--------+--------+--------+-----+--------+

Top non-repeatable levels by time:
     D:1: 818 daAuts
     D:2: 673 daAuts
     D:3: 443 daAuts
     D:4: 204 daAuts
